 Dungeon Crawl Stone Soup version 0.25.1-9-gc5326a611f (webtiles) character file.

Game seed: 5982901192752428963

331 Mrkan the Shield-Bearer (level 6, -8/39 HPs)
             Began as a Gargoyle Fighter on Dec 6, 2020.
             Was an Initiate of Ashenzari.
             Mangled by an ogre
             ... wielding a +0 giant club
              (21 damage)
             ... on level 4 of the Dungeon on Jan 5, 2021.
             The game lasted 00:07:49 (4561 turns).

Mrkan the Shield-Bearer (Gargoyle Fighter)          Turns: 4561, Time: 00:07:50

Health: -8/39      AC: 17    Str: 21    XL:     6   Next: 52%
Magic:  6/6        EV:  4    Int:  8    God:    Ashenzari [......]
Gold:   121        SH:  9    Dex: 10    Spells: 5/5 levels left

rFire    . . .     SeeInvis .   a - +0 flail
rCold    . . .     Gourm    .   c - +0 kite shield
rNeg     + . .     Faith    .   m - +0 plate armour
rPois    ∞         Spirit   .   (no helmet)
rElec    +         Reflect  .   p - +0 cloak {rPois}
rCorr    .         Harm     .   (no gloves)
MR       .....                  (no boots)
Stlth    ..........             (no amulet)
HPRegen  0.13/turn              (no ring)
MPRegen  0.10/turn              (no ring)

@: no status effects
A: negative energy resistance 1, electricity resistance, unbreathing,
petrification resistance, rot immunity, AC +4
a: Curse Item, Renounce Religion


You were on level 4 of the Dungeon.
You worshipped Ashenzari.
Ashenzari was noncommittal.
You were hungry.

You visited 1 branch of the dungeon, and saw 4 of its levels.

You collected 121 gold pieces.

Inventory:

Hand Weapons
 a - a +0 flail (weapon)
Armour
 c - a +0 kite shield (worn)
 m - a +0 plate armour (worn)
 p - a +0 cloak of poison resistance (worn)
Jewellery
 k - an uncursed ring of ice
Scrolls
 e - 6 scrolls of identify {unknown}
 g - 2 scrolls of remove curse
 h - 2 scrolls of enchant weapon {unknown}
 j - a scroll of enchant armour {unknown}
 n - 2 scrolls of fog {unknown}
 s - 2 scrolls of teleportation {unknown}
Potions
 b - a potion of flight {unknown}
 d - a potion of might
 i - 2 potions of heal wounds {unknown}
 l - a potion of brilliance {unknown}
 o - a potion of haste {unknown}
 q - 2 potions of cancellation {unknown}
 t - a potion of stabbing {unknown}
Comestibles
 f - 3 rations
 r - 5 chunks of flesh


   Skills:
 + Level 4.5 Fighting
 * Level 4.4 Maces & Flails
 + Level 4.5 Armour
 + Level 4.5 Shields


You had 5 spell levels left.
You didn't know any spells.
Your spell library was empty.

Dungeon Overview and Level Annotations

Branches:
Dungeon (4/15)             Temple (0/1) D:4

Altars:
Ashenzari
Makhleb
Vehumet

Shops:
D:4 *


Innate Abilities, Weirdness & Mutations

You are resistant to torment.
Your stone body is resilient. (AC +4)
You are immune to poison.
You resist negative energy. (rN+)
You are resistant to electric shocks. (rElec)
You can survive without breathing.
You are immune to petrification.
You are immune to rotting.


Message History

Your plate armour prevents you from hitting the ogre.
The ogre is moderately wounded.
The ogre barely misses you.
The orc priest hits you but does no damage.
You sock the ogre!
The ogre is heavily wounded.
The ogre barely misses you. You block the orc priest's attack.
Your plate armour prevents you from hitting the ogre.
The ogre is heavily wounded.
The ogre barely misses you.
The orc priest hits you but does no damage.
You hit the ogre.
The ogre is heavily wounded.
The orc priest barely misses you. The ogre hits you with a +0 giant club.
You sock the ogre!
The ogre is almost dead.
The orc priest barely misses you.
The ogre hits you with a +0 giant club!!
Ouch! That really hurt!
You die...

#.# ###.# #[##.# #.# #.# #.##.##
#.# #.# #.#...## #.# #.# #..###.#
##############.### #[# #<.# #.#
........#........## #[####..###.#
#######.#.####.#..# #......<....#
######### #######.#######.......^
'.##.%# ..#.oO@..# #.#.....#
#..##...##.##.###..# #.##...##
..#.##..#..#..#..### #.###.###
#..#.##..o##.###..# #.# #....
..).#.##..#o.#..#### #.# #....
..#..#.##...###..#.######.###.###
##.#..#.##..#..###.##.........#
.##.#..#.#####..#..##.###.#####
####.#..#.##..###.###.# #.# ####


You could see an ogre and an orc priest.

Vanquished Creatures
  2 hounds (D:4)
  Crazy Yiuf (D:2)
  3 orc wizards
  2 worker ants (D:4)
  A hound skeleton (D:3)
  3 adders
  An adder skeleton (D:4)
  A worm (D:3)
  2 leopard geckos
  9 orcs
  3 ball pythons
  2 giant cockroaches
  6 goblins
  4 hobgoblins
  8 jackals
  A kobold (D:1)
  3 quokkas
  8 bats
  2 frilled lizards (D:2)
  A leopard gecko skeleton (D:4)
  A quokka skeleton (D:4)
  5 rats
  2 toadstools (D:1)
71 creatures vanquished.

Vanquished Creatures (others)
  2 toadstools (D:1)
2 creatures vanquished.

Grand Total: 73 creatures vanquished

Notes
Turn   | Place    | Note
-------+----------+-------------------------------------------
     0 | D:1      | Mrkan the Gargoyle Fighter began the quest for the Orb.
     0 | D:1      | Reached XP level 1. HP: 14/14 MP: 1/1
   318 | D:1      | Reached XP level 2. HP: 16/19 MP: 2/2
  1258 | D:2      | Found a radiant altar of Vehumet.
  1430 | D:2      | Reached XP level 3. HP: 23/23 MP: 3/3
  1960 | D:2      | Found a runed translucent door.
  1961 | D:2      | Noticed Crazy Yiuf
  2161 | D:2      | Killed Crazy Yiuf
  2161 | D:2      | Reached XP level 4. HP: 4/29 MP: 4/4
  2478 | D:3      | Found a shattered altar of Ashenzari.
  2496 | D:3      | Became a worshipper of Ashenzari the Shackled
  2560 | D:3      | Upgraded the game from 0.25.1-8-g42b30a86e7 to
                  | 0.25.1-9-gc5326a611f
  2866 | D:3      | Found a burning altar of Makhleb.
  2866 | D:3      | Found a shattered altar of Ashenzari.
  3090 | D:3      | Reached XP level 5. HP: 33/33 MP: 5/5
  3659 | D:4      | Found a staircase to the Ecumenical Temple.
  3734 | D:4      | Reached XP level 6. HP: 35/38 MP: 6/6
  3897 | D:4      | Found Kochiff's General Store.
  4561 | D:4      | Mangled by an ogre

Illustrated notes

Levels and vault maps discovered:
D:1:      ldierk_water_garden, layout_basic, minmay_heptomino_h4
D:2:      layout_loops_corners, overflow_temple_1_default,
          minmay_tree_intersection, uniq_crazy_yiuf_cottage
D:3:      layout_basic, chequers_temple_overflow_statue_of_worship,
          evilmike_ruin_ashenzari
D:4:      minmay_razor_zed, layout_loops_ring,
          minmay_temple_entry_drinking_statues, serial_shops,
          kennysheep_mini_moat

Skill      XL: |  1  2  3  4  5 |
---------------+----------------+-----
Maces & Flails | 3 4 |  4.4
Shields        | 4 |  4.5
Fighting       | 4 |  4.5
Armour         | 4 |  4.5

Action                   |  1- 3 |  4- 6 || total
-------------------------+-------+-------++-------
Melee: Flail             |   129 |   327 ||   456
 Stab: Invisible         |     1 |       ||     1
  Eat: Chunk             |     4 |     8 ||    12
Armor: Scale mail        |    48 |       ||    48
       Plate armour      |    28 |   259 ||   287
Dodge: Dodged            |    44 |    65 ||   109
Block: Kite shield       |    77 |   161 ||   238
